AoeStats
← Camionveloce__

Arena

507490833Analyzed
2v2 RM · 15d ago on Sep 18, 2026· 53m 16s· 4 players
Game mode
Random Map
Map size
Medium (4 player)
Population
200
Speed
Normal
Resources
Standard
Victory
Conquest
Starting age
Dark Age
Ending age
Imperial Age
RankedLock teamsTeams togetherTeam positionsShared explorationLock speedFull tech treeHidden civsTurbo modeCheats
Victory
Defeat
🇮🇹 Turks · Italy
923
+16
🇮🇹 Britons · Italy
847
+19
🇲🇽 Berbers · Mexico
924
-18
🇬🇷 Malians · Greece
900
-17
joseemiron
6:51 Loom
9:02 Feudal Age
16:20 Wheelbarrow
21:05 Castle Age
19:06 Double-Bit Axe
19:16 Horse Collar
19:50 Gold Mining
25:39 Imperial Age
24:35 Fletching
24:19 Elite Skirmisher
26:24 Bloodlines
27:33 Conscription
28:00 Light Cavalry
29:19 Scale Barding Armor
30:01 Scale Mail Armor
30:14 Forging
33:29 Ballistics
33:24 Padded Archer Armor
35:15 Chemistry
35:27 Bodkin Arrow
43:58 Heavy Camel Rider
46:37 Bracer
48:32 Bow Saw
49:29 Siege Engineers
49:51 Chain Barding Armor
49:49 Leather Archer Armor
51:34 Ring Archer Armor
51:25 Chain Barding Armor
51:41 Iron Casting
51:10 Husbandry
52:12 Elite Camel Archer
KLEGE_MOULIKO
9:19 Feudal Age
9:46 Double-Bit Axe
10:00 Gold Mining
11:35 Horse Collar
16:22 Castle Age
16:13 Loom
17:18 Bow Saw
18:10 Wheelbarrow
18:07 Heavy Plow
21:06 Wheelbarrow
21:16 Town Watch
22:54 Hand Cart
24:12 Gold Shaft Mining
24:41 Stone Mining
28:55 Imperial Age
28:02 Stone Shaft Mining
28:05 Light Cavalry
28:56 Bloodlines
29:09 Scale Mail Armor
29:14 Scale Barding Armor
31:02 Chemistry
30:35 Crop Rotation
31:56 Chain Mail Armor
32:01 Chain Barding Armor
36:25 Heavy Camel Rider
38:03 Plate Barding Armor
37:59 Plate Mail Armor
39:09 Forging
38:49 Elite Gbeto
39:50 Padded Archer Armor
39:42 Fletching
40:21 Husbandry
42:42 Onager
47:48 Iron Casting
49:57 Leather Archer Armor
49:37 Bodkin Arrow
Camionveloce__
10:40 Feudal Age
12:16 Man-at-Arms
13:33 Double-Bit Axe
15:11 Fletching
19:15 Castle Age
18:37 Horse Collar
25:29 Gold Mining
25:30 Stone Mining
27:32 Bodkin Arrow
32:06 Imperial Age
34:16 Squires
35:00 Ballistics
34:51 Fortified Wall
40:40 Cavalier
44:51 Heavy Camel Rider
48:41 Bracer
ArturoVeloce
9:58 Feudal Age
14:42 Castle Age
12:49 Double-Bit Axe
17:07 Horse Collar
24:12 Stone Mining
24:42 Loom
24:48 Town Watch
25:40 Bow Saw
26:56 Wheelbarrow
27:05 Fletching
27:16 Padded Archer Armor
27:26 Forging
27:19 Scale Mail Armor
27:28 Pikeman
29:38 Squires
29:58 Bodkin Arrow
30:19 Leather Archer Armor
30:39 Iron Casting
30:30 Ballistics
39:52 Imperial Age
37:38 Hand Cart
37:23 Town Patrol
39:57 Fervor
40:23 Chain Mail Armor
40:01 Halberdier
41:05 Conscription
41:55 Yeomen
43:01 Two-Man Saw
43:05 Chemistry
42:16 Fortified Wall
42:03 Murder Holes
41:55 Arrowslits
46:03 Elite Longbowman
Connection lost

Rejoining the realm…

Still unreachable

The connection could not be restored.

Session expired

The server has moved on; the page needs a fresh start.